[ AOE2 MATCH · #471377223 ]
Team RMCelts vs Cumans
[ REPLAY ANALYSIS · EXTRACTED FROM THE RECORDED GAME ]
Feudal
14:37
Castle
29:57
Imperial
—
| APM avg | 12.2 |
| APM peak | 39 |
| eAPM avg | 8.1 |
| Villagers / military | 54 / 49 |
Focus
⚔️ 20.0% · 🌾 80.0%
Fishing Ship ×18 · Knight ×12 · Woad Raider ×12 · Fire Galley ×9 · Militia ×8 · Scout Cavalry ×4
Feudal
14:05
Castle
18:33
Imperial
33:06
| APM avg | 18.3 |
| APM peak | 46 |
| eAPM avg | 12.2 |
| Villagers / military | 101 / 79 |
Focus
⚔️ 24.0% · 🌾 76.0%
Cavalry Archer ×41 · Tarkan ×19 · Spearman ×17 · Fishing Ship ×7 · Trebuchet (Packed) ×2
Feudal
15:17
Castle
19:14
Imperial
35:38
| APM avg | 35.9 |
| APM peak | 68 |
| eAPM avg | 18.7 |
| Villagers / military | 104 / 173 |
Focus
⚔️ 21.8% · 🌾 78.2%
Militia ×129 · Gbeto ×23 · Fishing Ship ×16 · Spearman ×16 · Trebuchet (Packed) ×5
Feudal
15:50
Castle
23:30
Imperial
—
| APM avg | 8.7 |
| APM peak | 30 |
| eAPM avg | 4.9 |
| Villagers / military | 34 / 24 |
Focus
⚔️ 22.4% · 🌾 77.6%
Militia ×21 · Fishing Ship ×5 · Fire Galley ×2 · Demolition Raft ×1
Feudal
12:40
Castle
20:25
Imperial
35:16
| APM avg | 50.2 |
| APM peak | 103 |
| eAPM avg | 22.0 |
| Villagers / military | 80 / 53 |
Focus
⚔️ 25.2% · 🌾 74.8%
Woad Raider ×20 · Spearman ×19 · Battering Ram ×12 · Fishing Ship ×7 · Monk ×1 · Trebuchet (Packed) ×1
Feudal
—
Castle
—
Imperial
—
| APM avg | 23.2 |
| APM peak | 45 |
| eAPM avg | 13.9 |
| Villagers / military | 124 / 49 |
Focus
⚔️ 18.8% · 🌾 81.2%
Knight ×39 · Fishing Ship ×14 · Fire Galley ×4 · Demolition Raft ×3 · Galley ×2 · Battering Ram ×1
Match map
Resources at game start + every placement click. Thick line = wall · dashed box = detected house wall. 🟡 gold · ⚪ stone · 🟢 berries · 🔶 boar · ⭕ relic
Inputs per minute
— simirfan - - M.S.
Build order — simirfan
First 150 of 157 actions detected
| 0:05 | Build | Town Center |
| 1:08 | Build | Dock |
| 1:12 | Build | House |
| 1:12 | Build | House |
| 2:36 | Create | Villager (Male) ×4 |
| 2:41 | Research | Loom |
| 4:22 | Create | Villager (Male) |
| 5:22 | Create | Fishing Ship |
| 5:31 | Create | Villager (Male) ×2 |
| 6:44 | Create | Villager (Male) |
| 6:52 | Build | House |
| 6:54 | Build | House |
| 7:00 | Create | Fishing Ship |
| 7:29 | Create | Villager (Male) ×2 |
| 8:10 | Create | Villager (Male) ×2 |
| 8:18 | Create | Fishing Ship |
| 8:46 | Create | Villager (Male) |
| 8:55 | Create | Fishing Ship |
| 9:15 | Create | Villager (Male) |
| 9:40 | Build | Lumber Camp |
| 10:00 | Create | Villager (Male) |
| 10:07 | Build | House |
| 10:08 | Build | House |
| 10:23 | Create | Villager (Male) |
| 10:35 | Create | Fishing Ship |
| 11:02 | Create | Villager (Male) |
| 11:02 | Create | Villager (Male) |
| 11:02 | Create | Villager (Male) |
| 11:29 | Build | Mill |
| 11:37 | Build | Mining Camp |
| 11:57 | Create | Fishing Ship |
| 12:27 | Research | Feudal Age |
| 12:52 | Build | Barracks |
| 12:56 | Build | House |
| 13:23 | Create | Villager (Male) |
| 13:23 | Create | Villager (Male) |
| 13:41 | Build | Dock |
| 13:50 | Create | Villager (Male) |
| 14:20 | Create | Militia |
| 14:36 | Build | House |
| 14:36 | Build | House |
| 14:37 | Age | Feudal Age |
| 14:42 | Create | Fire Galley |
| 14:46 | Create | Fire Galley |
| 14:56 | Create | Villager (Male) |
| 15:01 | Research | Double-Bit Axe |
| 15:15 | Create | Villager (Male) |
| 15:27 | Create | Fire Galley |
| 15:48 | Create | Fire Galley |
| 15:55 | Build | House |
| 15:57 | Build | House |
| 16:03 | Create | Villager (Male) |
| 16:21 | Build | Watch Tower |
| 16:29 | Create | Villager (Male) |
| 16:43 | Create | Fire Galley |
| 16:54 | Create | Fire Galley |
| 17:13 | Research | Man-at-Arms (upgrade) |
| 17:27 | Create | Militia |
| 17:43 | Build | Blacksmith |
| 17:53 | Create | Militia |
| 18:13 | Research | Tech 906 |
| 18:14 | Create | Fire Galley |
| 18:45 | Create | Villager (Male) |
| 18:52 | Research | Scale Mail Armor |
| 18:53 | Research | Forging |
| 18:53 | Research | Fletching |
| 18:54 | Research | Padded Archer Armor |
| 19:00 | Create | Villager (Male) |
| 19:06 | Create | Spearman |
| 19:31 | Create | Villager (Male) |
| 20:40 | Create | Militia ×5 |
| 21:47 | Build | Lumber Camp |
| 22:58 | Build | Market |
| 23:08 | Build | Mining Camp |
| 23:41 | Create | Fishing Ship ×3 |
| 23:47 | Create | Fishing Ship |
| 25:04 | Build | Town Center |
| 25:29 | Create | Fishing Ship ×2 |
| 26:38 | Build | Lumber Camp |
| 27:17 | Research | Castle Age |
| 28:02 | Build | Stable |
| 28:21 | Build | Dock |
| 28:45 | Create | Fishing Ship |
| 28:45 | Create | Fishing Ship |
| 28:53 | Create | Fishing Ship |
| 28:53 | Create | Fishing Ship |
| 29:05 | Create | Scout Cavalry ×4 |
| 29:36 | Build | House |
| 29:39 | Build | House |
| 29:40 | Build | House |
| 29:40 | Build | House |
| 29:40 | Build | House |
| 29:56 | Build | House |
| 29:57 | Age | Castle Age |
| 29:58 | Build | House |
| 29:59 | Build | House |
| 30:10 | Create | Villager (Male) ×4 |
| 31:01 | Build | House |
| 31:02 | Build | House |
| 31:03 | Build | House |
| 31:04 | Build | House |
| 31:05 | Build | House |
| 31:09 | Research | Wheelbarrow |
| 31:10 | Create | Villager (Male) |
| 31:19 | Create | Knight |
| 31:25 | Build | Fish Trap |
| 32:07 | Build | Fish Trap |
| 32:07 | Build | Fish Trap |
| 32:08 | Build | Fish Trap |
| 32:08 | Build | Fish Trap |
| 32:08 | Build | Fish Trap |
| 32:08 | Build | Fish Trap |
| 32:16 | Build | House |
| 32:18 | Build | House |
| 32:28 | Build | Stable |
| 32:36 | Create | Villager (Male) |
| 32:47 | Create | Knight |
| 32:52 | Build | Fish Trap |
| 33:21 | Build | House |
| 33:22 | Build | House |
| 33:23 | Build | House |
| 33:24 | Build | House |
| 33:31 | Build | Fish Trap |
| 33:55 | Research | Husbandry |
| 34:04 | Build | Blacksmith |
| 34:08 | Create | Knight |
| 34:18 | Create | Villager (Male) |
| 34:32 | Create | Villager (Male) |
| 34:51 | Research | Gillnets |
| 34:52 | Create | Fishing Ship ×2 |
| 35:41 | Build | Siege Workshop |
| 35:48 | Create | Knight ×4 |
| 36:02 | Create | Villager (Male) |
| 36:39 | Create | Knight |
| 37:18 | Research | Hand Cart |
| 37:22 | Create | Villager (Male) |
| 37:29 | Build | House |
| 37:31 | Build | House |
| 37:33 | Create | Battering Ram ×2 |
| 38:41 | Build | Siege Workshop |
| 38:49 | Build | Castle |
| 38:52 | Create | Villager (Male) ×5 |
| 39:16 | Create | Knight ×4 |
| 39:47 | Create | Battering Ram |
| 40:01 | Build | Siege Workshop |
| 40:32 | Create | Woad Raider ×2 |
| 40:32 | Create | Woad Raider ×2 |
| 41:00 | Research | War Galley (upgrade) |
| 41:27 | Create | Villager (Male) ×5 |
| 41:28 | Create | Villager (Male) ×5 |
Build order — M.S.
First 150 of 243 actions detected
| 0:06 | Build | Town Center |
| 2:18 | Create | Villager (Male) |
| 2:20 | Create | Villager (Male) |
| 2:20 | Create | Villager (Male) ×2 |
| 3:41 | Create | Villager (Male) |
| 4:05 | Create | Villager (Male) |
| 4:29 | Create | Villager (Male) |
| 5:10 | Create | Villager (Male) |
| 5:43 | Build | Dock |
| 5:48 | Create | Villager (Male) |
| 5:49 | Create | Villager (Male) |
| 6:25 | Create | Fishing Ship |
| 6:30 | Create | Villager (Male) |
| 6:31 | Create | Villager (Male) |
| 7:02 | Create | Villager (Male) |
| 7:18 | Create | Villager (Male) |
| 7:23 | Create | Fishing Ship |
| 7:43 | Create | Villager (Male) |
| 7:55 | Create | Fishing Ship |
| 8:14 | Create | Villager (Male) |
| 8:49 | Create | Villager (Male) |
| 8:53 | Create | Fishing Ship |
| 9:02 | Research | Loom |
| 9:35 | Create | Villager (Male) |
| 9:36 | Create | Villager (Male) |
| 9:55 | Create | Fishing Ship |
| 9:55 | Create | Fishing Ship |
| 10:11 | Build | Mill |
| 10:25 | Create | Villager (Male) |
| 10:59 | Create | Villager (Male) |
| 10:59 | Create | Villager (Male) |
| 11:03 | Create | Fishing Ship |
| 11:44 | Research | Feudal Age |
| 12:04 | Build | Mining Camp |
| 12:21 | Build | Palisade Gate |
| 12:26 | Build | Palisade Wall |
| 12:33 | Build | Palisade Gate |
| 12:38 | Build | Palisade Wall |
| 12:43 | Build | Palisade Wall |
| 14:05 | Age | Feudal Age |
| 14:13 | Create | Villager (Male) |
| 14:13 | Create | Villager (Male) |
| 14:14 | Create | Villager (Male) |
| 14:22 | Build | Market |
| 14:29 | Create | Villager (Male) |
| 14:29 | Create | Villager (Male) |
| 15:15 | Build | Blacksmith |
| 15:51 | Research | Castle Age |
| 16:31 | Build | Lumber Camp |
| 16:38 | Research | Forging |
| 16:40 | Research | Scale Mail Armor |
| 16:43 | Research | Scale Barding Armor |
| 16:48 | Research | Gold Mining |
| 17:20 | Research | Double-Bit Axe |
| 18:00 | Research | Wheelbarrow |
| 18:33 | Age | Castle Age |
| 18:54 | Build | Town Center |
| 19:10 | Research | Bow Saw |
| 19:13 | Create | Villager (Male) |
| 19:13 | Create | Villager (Male) |
| 19:45 | Research | Gold Shaft Mining |
| 19:49 | Research | Stone Mining |
| 20:06 | Create | Villager (Male) |
| 20:07 | Create | Villager (Male) |
| 20:08 | Create | Villager (Male) |
| 20:08 | Create | Villager (Male) |
| 20:15 | Create | Villager (Male) |
| 20:16 | Create | Villager (Male) |
| 20:49 | Create | Villager (Male) |
| 20:50 | Create | Villager (Male) |
| 20:53 | Create | Villager (Male) |
| 20:54 | Create | Villager (Male) |
| 21:20 | Build | Town Center |
| 21:26 | Create | Villager (Male) |
| 21:26 | Create | Villager (Male) |
| 21:28 | Create | Villager (Male) |
| 21:29 | Create | Villager (Male) |
| 21:42 | Create | Villager (Male) |
| 21:56 | Research | Horse Collar |
| 22:05 | Research | Tech 906 |
| 22:17 | Create | Villager (Male) |
| 22:21 | Create | Villager (Male) |
| 22:21 | Create | Villager (Male) |
| 22:30 | Create | Villager (Male) |
| 22:42 | Build | Farm |
| 22:42 | Build | Farm |
| 22:43 | Build | Farm |
| 22:43 | Build | Farm |
| 22:43 | Build | Farm |
| 22:43 | Build | Farm |
| 22:45 | Create | Villager (Male) |
| 22:47 | Create | Villager (Male) |
| 22:58 | Research | Heavy Plow |
| 23:05 | Create | Villager (Male) |
| 23:49 | Build | Dock |
| 23:52 | Create | Villager (Male) |
| 23:53 | Create | Villager (Male) |
| 23:55 | Create | Villager (Male) |
| 24:06 | Create | Villager (Male) |
| 24:08 | Create | Villager (Male) |
| 24:08 | Create | Villager (Male) |
| 24:47 | Build | Farm |
| 24:48 | Build | Farm |
| 24:48 | Build | Farm |
| 24:48 | Build | Farm |
| 24:48 | Build | Farm |
| 24:49 | Build | Farm |
| 24:49 | Build | Farm |
| 24:49 | Build | Farm |
| 24:59 | Create | Villager (Male) |
| 25:00 | Create | Villager (Male) |
| 25:11 | Create | Villager (Male) |
| 25:11 | Create | Villager (Male) |
| 25:54 | Build | Barracks |
| 26:01 | Research | Iron Casting |
| 26:01 | Research | Chain Barding Armor |
| 26:10 | Create | Villager (Male) |
| 26:45 | Build | Archery Range |
| 26:56 | Build | Stable |
| 27:15 | Create | Villager (Male) |
| 27:15 | Create | Villager (Male) |
| 27:59 | Build | University |
| 28:02 | Build | Monastery |
| 28:09 | Create | Villager (Male) |
| 28:15 | Research | Fletching |
| 28:15 | Research | Padded Archer Armor |
| 28:30 | Build | Castle |
| 28:37 | Research | Town Watch |
| 28:40 | Research | Hand Cart |
| 28:48 | Research | Ballistics |
| 29:31 | Research | Husbandry |
| 29:56 | Research | Imperial Age |
| 30:13 | Research | Marauders |
| 30:22 | Build | Stable |
| 30:24 | Build | Stable |
| 30:24 | Build | Stable |
| 30:28 | Build | Archery Range |
| 30:29 | Build | Archery Range |
| 30:32 | Create | Villager (Male) |
| 30:33 | Create | Villager (Male) |
| 30:33 | Create | Villager (Male) |
| 30:39 | Create | Villager (Male) |
| 30:45 | Research | Leather Archer Armor |
| 30:45 | Research | Bodkin Arrow |
| 30:48 | Create | Cavalry Archer |
| 30:53 | Create | Tarkan |
| 31:25 | Research | Town Patrol |
| 31:48 | Build | Mining Camp |
| 32:01 | Create | Tarkan ×2 |
| 32:06 | Create | Cavalry Archer |
Build order — milaqet
First 150 of 360 actions detected
| 0:42 | Build | Dock |
| 0:56 | Build | Town Center |
| 1:17 | Build | House |
| 3:02 | Create | Villager (Male) |
| 3:02 | Create | Villager (Male) |
| 3:03 | Create | Villager (Male) |
| 3:04 | Create | Villager (Male) |
| 3:59 | Create | Fishing Ship |
| 4:02 | Build | House |
| 4:05 | Create | Villager (Male) |
| 5:07 | Research | Loom |
| 5:14 | Create | Fishing Ship |
| 5:41 | Create | Villager (Male) |
| 5:50 | Create | Villager (Male) |
| 6:14 | Build | House |
| 6:16 | Build | House |
| 6:49 | Create | Villager (Male) |
| 7:16 | Create | Villager (Male) |
| 7:17 | Create | Villager (Male) |
| 7:17 | Create | Villager (Male) |
| 7:18 | Create | Fishing Ship |
| 7:59 | Create | Fishing Ship |
| 7:59 | Create | Fishing Ship |
| 8:02 | Create | Villager (Male) |
| 8:02 | Create | Villager (Male) |
| 8:02 | Create | Villager (Male) |
| 8:37 | Create | Fishing Ship |
| 8:42 | Build | House |
| 9:25 | Build | Mill |
| 9:38 | Create | Villager (Male) |
| 9:39 | Create | Villager (Male) |
| 9:55 | Build | Dock |
| 10:18 | Create | Villager (Male) |
| 10:18 | Create | Villager (Male) |
| 10:19 | Create | Fishing Ship |
| 10:20 | Create | Fishing Ship |
| 10:29 | Build | House |
| 10:29 | Build | House |
| 10:54 | Create | Fishing Ship |
| 10:59 | Create | Fishing Ship |
| 11:25 | Create | Villager (Male) |
| 11:56 | Create | Villager (Male) |
| 11:58 | Create | Fishing Ship |
| 11:59 | Create | Fishing Ship |
| 12:00 | Create | Fishing Ship |
| 12:25 | Create | Villager (Male) |
| 12:34 | Create | Fishing Ship |
| 13:07 | Research | Feudal Age |
| 13:18 | Build | Mining Camp |
| 13:32 | Create | Villager (Male) |
| 13:36 | Create | Fishing Ship |
| 13:38 | Create | Fishing Ship |
| 13:44 | Build | House |
| 14:26 | Build | House |
| 15:17 | Age | Feudal Age |
| 15:18 | Research | Town Watch |
| 15:21 | Build | Blacksmith |
| 15:23 | Build | Market |
| 16:34 | Research | Castle Age |
| 17:04 | Build | Outpost |
| 17:08 | Build | Lumber Camp |
| 17:12 | Research | Wheelbarrow |
| 17:48 | Research | Double-Bit Axe |
| 18:16 | Create | Villager (Male) |
| 18:17 | Create | Villager (Male) |
| 18:17 | Create | Villager (Male) |
| 18:17 | Create | Villager (Male) |
| 18:23 | Research | Horse Collar |
| 18:29 | Build | Dock |
| 18:31 | Build | House |
| 19:14 | Age | Castle Age |
| 19:23 | Build | Castle |
| 19:47 | Research | Bow Saw |
| 19:48 | Research | Heavy Plow |
| 19:50 | Create | Villager (Male) |
| 19:50 | Create | Villager (Male) |
| 19:50 | Create | Villager (Male) |
| 19:51 | Create | Villager (Male) |
| 20:12 | Create | Gbeto |
| 20:12 | Create | Gbeto |
| 20:12 | Create | Gbeto |
| 20:37 | Create | Gbeto |
| 20:38 | Create | Gbeto |
| 20:49 | Research | Fletching |
| 20:50 | Create | Villager (Male) |
| 20:51 | Create | Villager (Male) |
| 21:10 | Create | Gbeto |
| 21:30 | Create | Gbeto |
| 21:38 | Create | Gbeto |
| 21:38 | Create | Gbeto |
| 21:40 | Create | Villager (Male) |
| 21:59 | Create | Gbeto |
| 22:00 | Create | Gbeto |
| 22:32 | Create | Gbeto |
| 22:33 | Create | Gbeto |
| 22:33 | Create | Villager (Male) |
| 22:45 | Create | Gbeto |
| 22:46 | Create | Gbeto |
| 22:46 | Create | Gbeto |
| 23:04 | Build | Town Center |
| 23:13 | Build | Town Center |
| 23:20 | Create | Gbeto |
| 23:55 | Create | Villager (Male) |
| 24:22 | Build | Farm |
| 24:23 | Build | Farm |
| 24:24 | Build | Farm |
| 24:25 | Build | Farm |
| 24:27 | Build | Farm |
| 24:27 | Build | Farm |
| 24:28 | Build | Farm |
| 24:44 | Create | Gbeto |
| 24:44 | Create | Gbeto |
| 24:59 | Create | Gbeto |
| 25:27 | Create | Gbeto |
| 25:45 | Create | Gbeto |
| 26:08 | Create | Gbeto |
| 26:10 | Create | Villager (Male) |
| 26:10 | Create | Villager (Male) |
| 26:20 | Create | Villager (Male) |
| 26:55 | Build | Farm |
| 26:56 | Build | Farm |
| 26:58 | Build | Farm |
| 26:58 | Build | Farm |
| 26:59 | Build | Farm |
| 27:00 | Build | Farm |
| 27:01 | Build | Farm |
| 27:03 | Create | Villager (Male) |
| 27:03 | Create | Villager (Male) |
| 27:04 | Create | Villager (Male) |
| 27:07 | Build | Farm |
| 27:08 | Build | Farm |
| 27:09 | Build | Farm |
| 27:11 | Build | Farm |
| 27:15 | Create | Villager (Male) |
| 27:30 | Create | Villager (Male) |
| 27:31 | Create | Villager (Male) |
| 27:41 | Build | Farm |
| 27:42 | Build | Farm |
| 27:45 | Build | Farm |
| 27:47 | Build | Farm |
| 27:48 | Build | Farm |
| 28:01 | Create | Villager (Male) |
| 28:02 | Create | Villager (Male) |
| 28:11 | Build | Mill |
| 28:12 | Build | Farm |
| 28:13 | Build | Farm |
| 28:14 | Build | Farm |
| 28:15 | Build | Farm |
| 28:16 | Build | Farm |
| 28:17 | Build | Farm |
Build order — Geosim
100 actions detected in the replay
| 0:03 | Build | Town Center |
| 2:02 | Build | House |
| 2:04 | Build | House |
| 2:24 | Research | Loom |
| 2:24 | Create | Villager (Male) ×4 |
| 3:53 | Build | Dock |
| 3:59 | Create | Villager (Male) |
| 4:44 | Create | Villager (Male) |
| 5:02 | Create | Villager (Male) |
| 5:52 | Create | Villager (Male) |
| 6:20 | Create | Villager (Male) |
| 6:20 | Create | Villager (Male) |
| 7:02 | Build | House |
| 7:12 | Create | Villager (Male) |
| 7:30 | Create | Villager (Male) |
| 7:59 | Create | Villager (Male) |
| 8:10 | Build | Mill |
| 8:24 | Create | Villager (Male) |
| 8:53 | Create | Villager (Male) |
| 9:09 | Build | House |
| 9:14 | Create | Villager (Male) |
| 9:37 | Create | Villager (Male) ×2 |
| 10:06 | Create | Villager (Male) |
| 10:10 | Build | Lumber Camp |
| 10:24 | Create | Villager (Male) |
| 10:46 | Create | Villager (Male) |
| 10:48 | Create | Fishing Ship |
| 11:14 | Build | House |
| 11:31 | Build | Palisade Wall |
| 11:36 | Create | Villager (Male) |
| 11:36 | Create | Villager (Male) |
| 11:43 | Create | Fishing Ship |
| 12:05 | Build | Building 804 |
| 12:15 | Build | Palisade Wall |
| 12:30 | Create | Villager (Male) |
| 12:45 | Build | House |
| 12:46 | Build | House |
| 12:49 | Create | Fishing Ship |
| 12:53 | Create | Villager (Male) |
| 13:27 | Build | Mining Camp |
| 13:40 | Research | Feudal Age |
| 14:06 | Build | Barracks |
| 14:10 | Build | Building 796 |
| 14:14 | Create | Villager (Male) |
| 14:31 | Create | Fishing Ship |
| 14:31 | Create | Fishing Ship |
| 14:57 | Create | Villager (Male) |
| 15:33 | Build | Barracks |
| 15:38 | Build | House |
| 15:42 | Build | House |
| 15:50 | Age | Feudal Age |
| 15:51 | Research | Double-Bit Axe |
| 15:54 | Research | Man-at-Arms (upgrade) |
| 15:56 | Create | Villager (Male) |
| 16:01 | Create | Fire Galley |
| 16:30 | Create | Villager (Male) |
| 16:40 | Create | Fire Galley |
| 16:52 | Create | Villager (Male) |
| 16:58 | Build | Lumber Camp |
| 17:00 | Create | Villager (Male) |
| 17:09 | Build | House |
| 17:09 | Build | House |
| 17:55 | Create | Villager (Male) |
| 18:19 | Build | Blacksmith |
| 18:28 | Create | Villager (Male) |
| 18:38 | Build | Market |
| 18:55 | Build | Farm |
| 19:00 | Create | Villager (Male) |
| 19:07 | Research | Gold Mining |
| 19:14 | Build | Barracks |
| 19:15 | Build | Farm |
| 19:18 | Create | Demolition Raft |
| 19:25 | Research | Wheelbarrow |
| 20:13 | Build | Farm |
| 20:36 | Build | Barracks |
| 20:40 | Research | Castle Age |
| 20:55 | Build | Mill |
| 21:08 | Research | Forging |
| 21:08 | Research | Scale Mail Armor |
| 21:10 | Create | Militia ×5 |
| 21:11 | Create | Militia ×2 |
| 21:40 | Build | Farm |
| 21:42 | Create | Militia ×2 |
| 21:48 | Create | Militia |
| 22:08 | Create | Militia ×2 |
| 22:24 | Build | House |
| 22:25 | Build | House |
| 22:27 | Build | Farm |
| 22:27 | Build | Farm |
| 22:28 | Build | Farm |
| 22:30 | Create | Militia ×2 |
| 22:54 | Build | House |
| 22:55 | Build | House |
| 22:55 | Build | House |
| 22:55 | Build | House |
| 23:00 | Create | Militia ×5 |
| 23:01 | Create | Militia ×2 |
| 23:30 | Age | Castle Age |
| 23:38 | Research | Long Swordsman (upgrade) |
| 23:53 | Build | Siege Workshop |
Build order — Scandinavian
First 150 of 255 actions detected
| 0:21 | Build | Town Center |
| 1:29 | Build | Dock |
| 2:36 | Create | Villager (Male) |
| 2:36 | Create | Villager (Male) |
| 2:36 | Create | Villager (Male) |
| 2:37 | Create | Villager (Male) |
| 2:41 | Build | House |
| 3:04 | Build | House |
| 3:28 | Research | Loom |
| 3:58 | Create | Fishing Ship |
| 4:29 | Create | Fishing Ship |
| 5:06 | Create | Fishing Ship |
| 5:15 | Create | Villager (Male) |
| 6:06 | Create | Villager (Male) |
| 6:34 | Create | Villager (Male) |
| 6:55 | Create | Fishing Ship |
| 6:59 | Build | House |
| 7:02 | Build | House |
| 7:04 | Create | Fishing Ship |
| 7:10 | Create | Villager (Male) |
| 7:19 | Create | Villager (Male) |
| 7:19 | Create | Villager (Male) |
| 7:19 | Create | Villager (Male) |
| 8:00 | Build | House |
| 8:25 | Create | Villager (Male) |
| 8:29 | Create | Villager (Male) |
| 8:33 | Create | Fishing Ship |
| 9:13 | Create | Villager (Male) |
| 9:15 | Create | Villager (Male) |
| 9:45 | Build | Mining Camp |
| 9:49 | Create | Villager (Male) |
| 9:59 | Create | Villager (Male) |
| 10:16 | Research | Feudal Age |
| 10:58 | Build | Lumber Camp |
| 11:26 | Build | House |
| 11:54 | Build | Barracks |
| 12:03 | Build | House |
| 12:22 | Create | Villager (Male) |
| 12:23 | Create | Villager (Male) |
| 12:35 | Create | Fishing Ship |
| 12:40 | Age | Feudal Age |
| 12:46 | Research | Double-Bit Axe |
| 12:55 | Create | Villager (Male) |
| 12:58 | Create | Villager (Male) |
| 13:00 | Create | Villager (Male) |
| 13:24 | Build | Mill |
| 13:27 | Create | Villager (Male) |
| 13:48 | Create | Villager (Male) |
| 13:52 | Research | Horse Collar |
| 14:07 | Build | Mill |
| 14:22 | Create | Villager (Male) |
| 14:23 | Create | Villager (Male) |
| 14:38 | Build | Farm |
| 14:48 | Build | Farm |
| 15:39 | Build | Farm |
| 15:53 | Build | Blacksmith |
| 16:04 | Create | Spearman |
| 16:04 | Create | Spearman |
| 17:15 | Build | Market |
| 17:20 | Create | Villager (Male) |
| 17:28 | Create | Villager (Male) |
| 17:42 | Research | Castle Age |
| 17:44 | Build | Lumber Camp |
| 18:03 | Create | Spearman |
| 18:03 | Create | Spearman |
| 18:04 | Create | Spearman |
| 18:08 | Research | Arson |
| 18:09 | Create | Spearman |
| 18:09 | Create | Spearman |
| 18:11 | Research | Scale Mail Armor |
| 18:11 | Research | Forging |
| 18:48 | Research | Fletching |
| 18:57 | Create | Spearman |
| 19:05 | Create | Spearman |
| 19:28 | Create | Spearman |
| 19:36 | Research | Gold Mining |
| 19:52 | Build | House |
| 19:53 | Build | House |
| 19:54 | Build | House |
| 19:55 | Build | House |
| 20:25 | Age | Castle Age |
| 20:34 | Build | Siege Workshop |
| 20:39 | Research | Pikeman (upgrade) |
| 20:39 | Research | Gambesons |
| 21:08 | Build | Mining Camp |
| 21:10 | Research | Stone Mining |
| 21:11 | Create | Villager (Male) |
| 21:12 | Create | Villager (Male) |
| 21:12 | Create | Villager (Male) |
| 21:12 | Create | Villager (Male) |
| 21:13 | Create | Villager (Male) |
| 21:13 | Create | Villager (Male) |
| 21:13 | Create | Villager (Male) |
| 21:14 | Create | Villager (Male) |
| 21:14 | Create | Villager (Male) |
| 21:15 | Create | Villager (Male) |
| 21:18 | Build | Lumber Camp |
| 21:22 | Create | Battering Ram |
| 22:05 | Create | Battering Ram |
| 22:59 | Create | Battering Ram |
| 23:01 | Create | Villager (Male) |
| 23:01 | Create | Villager (Male) |
| 23:02 | Create | Villager (Male) |
| 23:06 | Create | Villager (Male) |
| 23:18 | Build | Mining Camp |
| 23:38 | Create | Villager (Male) |
| 23:45 | Build | Monastery |
| 23:59 | Create | Battering Ram |
| 24:00 | Create | Battering Ram |
| 24:59 | Create | Battering Ram |
| 25:49 | Create | Battering Ram |
| 26:15 | Build | Town Center |
| 26:42 | Create | Battering Ram |
| 27:18 | Build | Farm |
| 27:19 | Build | Farm |
| 27:20 | Build | Farm |
| 27:24 | Create | Villager (Male) |
| 27:24 | Create | Villager (Male) |
| 27:25 | Create | Villager (Male) |
| 27:53 | Create | Villager (Male) |
| 27:53 | Create | Villager (Male) |
| 27:53 | Create | Villager (Male) |
| 27:54 | Create | Villager (Male) |
| 28:10 | Create | Battering Ram |
| 28:15 | Create | Villager (Male) |
| 28:24 | Build | Mill |
| 28:25 | Build | Farm |
| 28:26 | Build | Farm |
| 28:29 | Create | Monk |
| 28:35 | Build | House |
| 28:35 | Build | House |
| 28:37 | Build | House |
| 28:38 | Build | House |
| 28:39 | Build | House |
| 28:42 | Research | Wheelbarrow |
| 28:48 | Research | Iron Casting |
| 28:48 | Research | Chain Mail Armor |
| 28:58 | Build | Farm |
| 29:02 | Build | Mill |
| 29:45 | Create | Battering Ram |
| 30:01 | Build | Farm |
| 31:09 | Build | Castle |
| 32:06 | Research | Imperial Age |
| 32:09 | Research | Fletching |
| 32:12 | Create | Villager (Male) |
| 32:12 | Create | Villager (Male) |
| 32:12 | Create | Villager (Male) |
| 32:22 | Build | Town Center |
| 32:25 | Create | Villager (Male) |
| 32:25 | Create | Villager (Male) |
Build order — ActedWater2358
First 150 of 323 actions detected
| 0:29 | Build | House |
| 1:12 | Build | Town Center |
| 2:17 | Build | Dock |
| 3:37 | Create | Villager (Male) |
| 3:37 | Create | Villager (Male) |
| 3:38 | Create | Villager (Male) |
| 3:38 | Create | Villager (Male) |
| 3:43 | Research | Loom |
| 4:48 | Create | Fishing Ship |
| 5:07 | Create | Villager (Male) |
| 5:51 | Create | Fishing Ship |
| 6:16 | Build | House |
| 6:51 | Create | Villager (Male) |
| 6:54 | Create | Fishing Ship |
| 7:25 | Create | Villager (Male) |
| 8:02 | Create | Villager (Male) |
| 8:07 | Build | House |
| 8:29 | Create | Fishing Ship |
| 8:42 | Create | Villager (Male) |
| 8:43 | Create | Villager (Male) |
| 8:57 | Build | House |
| 9:02 | Create | Villager (Male) |
| 9:06 | Create | Fishing Ship |
| 9:43 | Create | Fishing Ship |
| 9:52 | Create | Villager (Male) |
| 9:52 | Create | Villager (Male) |
| 9:57 | Build | House |
| 10:06 | Create | Villager (Male) |
| 10:13 | Create | Fishing Ship |
| 10:16 | Create | Villager (Male) |
| 10:42 | Create | Villager (Male) |
| 10:46 | Create | Fishing Ship |
| 10:54 | Build | House |
| 10:55 | Create | Villager (Male) |
| 11:22 | Create | Villager (Male) |
| 11:22 | Create | Villager (Male) |
| 11:36 | Build | Dock |
| 11:37 | Create | Villager (Male) |
| 11:55 | Create | Villager (Male) |
| 11:55 | Create | Villager (Male) |
| 12:09 | Create | Villager (Male) |
| 12:13 | Create | Fishing Ship |
| 12:25 | Create | Fishing Ship |
| 12:47 | Build | Lumber Camp |
| 13:01 | Create | Fishing Ship |
| 13:05 | Create | Fishing Ship |
| 13:08 | Build | House |
| 13:40 | Create | Fishing Ship |
| 13:43 | Create | Fishing Ship |
| 14:13 | Research | Feudal Age |
| 14:21 | Build | Mining Camp |
| 14:52 | Create | Villager (Male) |
| 15:19 | Create | Villager (Male) |
| 16:13 | Build | House |
| 16:14 | Build | House |
| 16:38 | Build | Town Center |
| 16:55 | Create | Villager (Male) |
| 17:12 | Build | Blacksmith |
| 17:50 | Create | Villager (Male) |
| 17:50 | Create | Villager (Male) |
| 17:51 | Create | Villager (Male) |
| 17:55 | Research | Fletching |
| 18:05 | Build | Siege Workshop |
| 18:09 | Create | Villager (Male) |
| 18:10 | Create | Villager (Male) |
| 18:12 | Research | Double-Bit Axe |
| 18:55 | Create | Villager (Male) |
| 18:58 | Create | Villager (Male) |
| 19:07 | Create | Villager (Male) |
| 19:11 | Create | Battering Ram |
| 19:22 | Create | Villager (Male) |
| 19:22 | Create | Villager (Male) |
| 19:59 | Create | Villager (Male) |
| 20:00 | Create | Villager (Male) |
| 20:33 | Create | Villager (Male) |
| 20:42 | Build | Mill |
| 21:35 | Create | Villager (Male) |
| 21:55 | Research | Horse Collar |
| 22:06 | Create | Villager (Male) |
| 22:21 | Create | Villager (Male) |
| 22:22 | Create | Villager (Male) |
| 22:27 | Research | Town Watch |
| 22:29 | Build | House |
| 22:30 | Build | House |
| 22:31 | Build | House |
| 22:32 | Build | House |
| 22:43 | Build | Mining Camp |
| 22:53 | Create | Villager (Male) |
| 22:54 | Create | Villager (Male) |
| 23:00 | Research | Wheelbarrow |
| 23:26 | Build | Farm |
| 23:27 | Build | Farm |
| 23:28 | Build | Farm |
| 23:30 | Build | Farm |
| 23:32 | Build | Farm |
| 23:39 | Create | Villager (Male) |
| 23:41 | Create | Villager (Male) |
| 23:41 | Create | Villager (Male) |
| 23:49 | Build | Farm |
| 23:50 | Build | Farm |
| 23:52 | Build | Farm |
| 23:53 | Build | Farm |
| 23:54 | Build | Farm |
| 23:55 | Build | Farm |
| 24:04 | Create | Villager (Male) |
| 24:05 | Create | Villager (Male) |
| 24:17 | Create | Villager (Male) |
| 24:28 | Create | Villager (Male) |
| 24:29 | Create | Villager (Male) |
| 24:30 | Create | Villager (Male) |
| 24:59 | Create | Villager (Male) |
| 25:00 | Create | Villager (Male) |
| 25:04 | Create | Villager (Male) |
| 25:24 | Build | Lumber Camp |
| 25:26 | Create | Villager (Male) |
| 26:33 | Build | House |
| 26:35 | Build | House |
| 26:37 | Build | House |
| 26:42 | Create | Villager (Male) |
| 26:43 | Create | Villager (Male) |
| 26:43 | Create | Villager (Male) |
| 26:45 | Create | Villager (Male) |
| 26:52 | Build | House |
| 26:53 | Build | House |
| 26:54 | Build | House |
| 26:55 | Build | House |
| 27:21 | Create | Villager (Male) |
| 27:22 | Create | Villager (Male) |
| 27:24 | Create | Villager (Male) |
| 27:42 | Create | Villager (Male) |
| 27:43 | Create | Villager (Male) |
| 27:45 | Create | Villager (Male) |
| 27:54 | Build | Barracks |
| 28:16 | Build | Farm |
| 28:16 | Build | Farm |
| 28:17 | Build | Farm |
| 28:18 | Build | Farm |
| 28:19 | Build | Farm |
| 28:20 | Build | Farm |
| 28:21 | Build | Farm |
| 28:22 | Build | Farm |
| 28:24 | Build | Farm |
| 28:34 | Research | Castle Age |
| 28:37 | Create | Villager (Male) |
| 28:37 | Create | Villager (Male) |
| 29:28 | Create | Villager (Male) |
| 29:29 | Create | Villager (Male) |
| 29:30 | Create | Villager (Male) |
| 29:44 | Build | Farm |
| 29:45 | Build | Farm |
Match timeline
| 0:42 | milaqet · first_building Dock |
| 1:08 | simirfan · first_building Dock |
| 1:29 | Scandinavian · first_building Dock |
| 2:17 | ActedWater2358 · first_building Dock |
| 3:53 | Geosim · first_building Dock |
| 5:43 | M.S. · first_building Dock |
| 11:31 | Geosim · wall_segment Palisade Wall x1 |
| 11:54 | Scandinavian · first_building Barracks |
| 12:15 | Geosim · wall_segment Palisade Wall x1 |
| 12:26 | M.S. · wall_segment Palisade Wall x6 |
| 12:38 | M.S. · wall_segment Palisade Wall x9 |
| 12:40 | Scandinavian · age_up feudal |
| 12:43 | M.S. · wall_segment Palisade Wall x12 |
| 12:52 | simirfan · first_building Barracks |
| 14:05 | M.S. · age_up feudal |
| 14:06 | Geosim · first_building Barracks |
| 14:37 | simirfan · age_up feudal |
| 15:12 | M.S. · first_market_buy 100 wood |
| 15:17 | milaqet · age_up feudal |
| 15:48 | M.S. · first_market_sell 100 food |
| 15:50 | Geosim · age_up feudal |
| 18:05 | ActedWater2358 · first_building Siege Workshop |
| 18:33 | M.S. · age_up castle |
| 19:14 | milaqet · age_up castle |
| 19:23 | milaqet · first_building Castle |
| 20:25 | Scandinavian · age_up castle |
| 20:34 | Scandinavian · first_building Siege Workshop |
| 21:36 | Geosim · tribute_sent a jugador 1 |
| 21:36 | Geosim · tribute_sent a jugador 2 |
| 21:36 | Geosim · tribute_sent a jugador 4 |
| 21:36 | Geosim · tribute_sent a jugador 5 |
| 21:36 | Geosim · tribute_sent a jugador 6 |
| 21:39 | M.S. · tribute_sent a jugador 2 |
| 21:39 | M.S. · tribute_sent a jugador 3 |
| 21:39 | M.S. · tribute_sent a jugador 4 |
| 21:39 | M.S. · tribute_sent a jugador 5 |
| 21:39 | M.S. · tribute_sent a jugador 6 |
| 23:30 | Geosim · age_up castle |
| 23:43 | milaqet · tribute_sent a jugador 1 |
| 23:43 | milaqet · tribute_sent a jugador 3 |
| 23:43 | milaqet · tribute_sent a jugador 4 |
| 23:43 | milaqet · tribute_sent a jugador 5 |
| 23:43 | milaqet · tribute_sent a jugador 6 |
| 23:45 | Scandinavian · first_building Monastery |
| 23:53 | Geosim · first_building Siege Workshop |
| 24:49 | simirfan · first_market_sell 100 wood |
| 24:51 | simirfan · first_market_buy 100 stone |
| 25:54 | M.S. · first_building Barracks |
| 26:01 | Geosim · resign |
| 26:45 | M.S. · first_building Archery Range |
| 26:56 | M.S. · first_building Stable |
| 27:54 | ActedWater2358 · first_building Barracks |
| 28:02 | simirfan · first_building Stable |
| 28:02 | M.S. · first_building Monastery |
| 28:30 | M.S. · first_building Castle |
| 29:57 | simirfan · age_up castle |
| 30:40 | ActedWater2358 · first_building Stable |
| 31:09 | Scandinavian · first_building Castle |
| 32:16 | ActedWater2358 · first_building Castle |
| 33:06 | M.S. · age_up imperial |
| 33:58 | milaqet · first_building Barracks |
| 35:16 | Scandinavian · age_up imperial |
| 35:38 | milaqet · age_up imperial |
| 35:41 | simirfan · first_building Siege Workshop |
| 36:36 | milaqet · first_market_buy 100 wood |
| 36:49 | Scandinavian · tribute_sent a jugador 1 |
| 36:49 | Scandinavian · tribute_sent a jugador 2 |
| 36:49 | Scandinavian · tribute_sent a jugador 3 |
| 36:49 | Scandinavian · tribute_sent a jugador 5 |
| 36:49 | Scandinavian · tribute_sent a jugador 6 |
| 37:32 | Scandinavian · wall_segment Stone Wall x1 |
| 38:49 | simirfan · first_building Castle |
| 41:13 | milaqet · tribute_sent a jugador 1 |
| 41:13 | milaqet · tribute_sent a jugador 3 |
| 41:13 | milaqet · tribute_sent a jugador 4 |
| 41:13 | milaqet · tribute_sent a jugador 5 |
| 41:13 | milaqet · tribute_sent a jugador 6 |
[ AI ANALYSIS · 1 CREDIT ]
What really happened in this match?
Wolo.gg analyzes every decision: build order, eco, micro, common mistakes by bracket. Personalized analysis on WhatsApp or Discord in 30 seconds.
Civ guide
Celts
Map guide
Nomad
Perfil
simirfan